 Dungeon Crawl Stone Soup version 0.17-a0-1210-g1e4f09d (webtiles) character file.

408 MRaven the Magician (level 6, -2/32 HPs)
             Began as a Deep Elf Wizard on June 3, 2015.
             Killed from afar by Kisielow's ghost (11 damage)
             ... with a magic dart
             ... on level 5 of the Dungeon on June 4, 2015.
             The game lasted 00:16:40 (3960 turns).

MRaven the Magician (Deep Elf Wizard)               Turns: 3960, Time: 00:16:40

Health: -2/32      AC:  3    Str:  4    XL:     6   Next: 57%
Magic:  15/17      EV: 12    Int: 25    God:
Gold:   204        SH:  4    Dex: 13    Spells: 3 memorised, 12 levels left

rFire  . . .     SeeInvis .     k - +0 trident (curse)
rCold  . . .     Clarity  +     a - +0 robe
rNeg   . . .     SustAt   .     m - +0 buckler
rPois  .         Gourm    .     b - +0 hat
rElec  .         Spirit   .     g - +0 cloak
rCorr  .         Warding  .     (no gloves)
rMut   .         Stasis   .     (no boots)
MR     .....                    r - amulet of clarity
Stlth  ++........               (no ring)
                                (no ring)

@: repel missiles, not resistant to hostile enchantments, unstealthy
A: no striking features
a: no special abilities


You were on level 5 of the Dungeon.
You were very hungry.

You visited 2 branches of the dungeon, and saw 6 of its levels.

You collected 204 gold pieces.

Inventory:

Hand weapons
 h - a +0 dagger
 k - a cursed +0 trident (weapon)
Armour
 a - a +0 robe (worn)
 b - a +0 hat (worn)
 g - a +0 cloak (worn)
 j - a +1 ring mail of fire resistance
 m - a +0 buckler (worn)
Jewellery
 r - an amulet of clarity (around neck)
Scrolls
 f - a scroll of remove curse
 n - 2 scrolls of teleportation
Potions
 e - a potion of mutation {unknown}
 i - a potion of cancellation {unknown}
 l - a potion of curing {unknown}
 p - a potion of flight
 q - a potion of lignification
 s - a potion of brilliance {unknown}
Books
 c - a book of Minor Magic

   Spells                             Type                      Level
   a - Magic Dart                     Conjuration                  1
   b - Blink                          Translocation                2
   c - Call Imp                       Summoning                    2
   d - Repel Missiles                 Charms/Air                   2
   e - Slow                           Hexes                        2
   f - Conjure Flame                  Conjuration/Fire             3
   g - Mephitic Cloud                 Conjuration/Poison/Air       3
Comestibles
 d - 4 bread rations
 o - a meat ration


   Skills:
 - Level 2.4 Dodging
 - Level 2.4 Stealth
 * Level 3.2 Shields
 + Level 6.3 Spellcasting
 - Level 4.4 Conjurations
 + Level 0.0 Charms
   Level 1.1 Summonings
 + Level 1.1 Translocations


You had 12 spell levels left.
You knew the following spells:

 Your Spells              Type           Power        Failure   Level  Hunger
a - Magic Dart            Conj           ####         1%          1    None
b - Blink                 Tloc           N/A          10%         2    None
c - Repel Missiles        Chrm/Air       #.....       14%         2    None


Dungeon Overview and Level Annotations

Branches:
Dungeon (5/15)             Temple (1/1) D:4

Altars:
Ashenzari
Cheibriados
Dithmenos
Fedhas
Gozag
Kikubaaqudgha
Okawaru
Qazlal
Ru
Sif Muna
Trog
Xom
The Shining One

Annotations:
D:4 exclusion: wyvern
D:5 Kisielow's ghost, experienced DECj


Message History

Press: ? - help, Shift-Dir - straight line, f/p - Kisielow's ghost
Aim: Kisielow's ghost, wielding a weapon of flaming (lightly damaged)
The magic dart hits Kisielow's ghost.
Kisielow's ghost is lightly damaged.
Casting: Magic Dart
Confirm with . or Enter, or press ? or * to list all spells.
Aiming: Magic Dart
Press: ? - help, Shift-Dir - straight line, f/p - Kisielow's ghost
Aim: Kisielow's ghost, wielding a weapon of flaming (lightly damaged)
The magic dart hits Kisielow's ghost.
Kisielow's ghost is lightly damaged.
You are feeling very hungry.
Kisielow's ghost casts a spell at you. The magic dart hits you!
Kisielow's ghost gestures at you while chanting.
The magic dart hits you!
* * * LOW HITPOINT WARNING * * *
Kisielow's ghost casts a spell at you. The magic dart hits you!
You die...

#..###............
#..#..>......# #
#.....W....## ..
#....###...## .... ##...##
##...# ....# #....###
#...# #...#
#..#...###..W..._
.###....##.##...........#.
.........@.#..###.........
.........##..####....##.#
.##.>..........###...## .#
.....###.........#...# .
#........##.###.....##
.###...###..# ##... ##..#
##.# ##. #.## #.## #.#
#..###....


You could see Kisielow's ghost.

Vanquished Creatures
  A hound (D:4)
  A jelly (D:5)
  An orc priest (D:3)
  3 orc wizards
  Terence (D:3)
  Natasha (thrice) (D:3)
  A shadow imp (D:3)
  3 adders
  An ooze (D:3)
  2 adder skeletons (D:4)
  5 worms
  3 giant geckos
  19 orcs
  A ball python (D:1)
  8 bats
  2 giant cockroaches
  6 hobgoblins
  2 jackals (D:3)
  4 giant newts
  14 goblins
  10 kobolds
  9 rats
100 creatures vanquished.

Vanquished Creatures (others)
  2 fungi (D:3)
2 creatures vanquished.

Grand Total: 102 creatures vanquished

Notes
Turn   | Place    | Note
--------------------------------------------------------------
     0 | D:1      | MRaven the Deep Elf Wizard began the quest for the Orb.
     0 | D:1      | Reached XP level 1. HP: 10/10 MP: 7/7
   424 | D:1      | Reached XP level 2. HP: 15/15 MP: 6/9
   460 | D:1      | Learned a level 2 spell: Blink
   463 | D:1      | Learned a level 2 spell: Repel Missiles
   929 | D:2      | Found an ancient bone altar of Kikubaaqudgha.
  1058 | D:2      | Reached XP level 3. HP: 19/19 MP: 8/11
  1157 | D:2      | Found an iron altar of Okawaru.
  1167 | D:2      | Reached skill level 5 in Spellcasting
  1669 | D:3      | Noticed Natasha
  1674 | D:3      | Killed Natasha
  1674 | D:3      | Reached skill level 1 in Shields
  1674 | D:3      | Reached XP level 4. HP: 24/24 MP: 7/13
  1755 | D:3      | Found a blossoming altar of Fedhas.
  1779 | D:3      | Noticed Natasha
  1781 | D:3      | Killed Natasha
  1795 | D:3      | Noticed Natasha
  1828 | D:3      | Killed Natasha
  1976 | D:3      | Noticed Terence
  1985 | D:3      | Killed Terence
  2216 | D:3      | Reached XP level 5. HP: 28/28 MP: 8/15
  2592 | D:3      | Found a snail-covered altar of Cheibriados.
  2626 | D:3      | Reached skill level 6 in Spellcasting
  2813 | D:4      | Reached XP level 6. HP: 32/32 MP: 14/17
  2917 | D:4      | Noticed a wyvern
  3107 | D:4      | Found a staircase to the Ecumenical Temple.
  3117 | Temple   | Entered the Ecumenical Temple
  3595 | D:5      | Entered Level 5 of the Dungeon
  3944 | D:5      | Noticed Kisielow's ghost (experienced DECj)
  3945 | D:5      | Found a shattered altar of Ashenzari.
  3960 | D:5      | Killed from afar by Kisielow's ghost

Vault maps used:
D:1:      dpeg_arrival_prison
D:2:      lemuel_upstairs_altar, kiku_gazebo_garden_becter, lemuel_round_altar,
          solitary_fountain, lemuel_altar_in_water2, uniq_jessica, uniq_robin,
          uniq_crazy_yiuf_cottage, uniq_sigmund
D:3:      kennysheep_the_goblin_king, cheibriados_altar_1, fedhas_altar_3,
          roderic_whirl, uniq_terence, uniq_natasha
D:4:      temple_hall, first_bread
D:5:      kennysheep_little_box, ashenzari_altar_1, kennysheep_doodads
Temple:   minmay_temple_bridge_c_8

Action                   |  1- 3 |  4- 6 || total
-------------------------+-------+-------++-------
Melee: Dagger            |       |    21 ||    21
       Trident           |       |     1 ||     1
 Cast: Magic Dart        |    89 |   162 ||   251
       Repel Missiles    |       |     1 ||     1
  Use: Scroll            |     1 |     8 ||     9
  Eat: Chunk             |     2 |     6 ||     8
